 Dungeon Crawl Stone Soup version 0.22.1-2-g9c5b331 (webtiles) character file.

625 diana the Cudgeler (level 7, -3/44 HPs)
             Began as a Gargoyle Fighter on Dec 4, 2018.
             Was a Believer of Ru.
             Slain by an ogre
             ... wielding a +0 giant spiked club
              (22 damage)
             ... on level 4 of the Dungeon.
             The game lasted 00:04:55 (3054 turns).

diana the Cudgeler (Gargoyle Fighter)               Turns: 3054, Time: 00:04:56

Health: -3/44      AC: 18    Str: 21    XL:     7   Next: 47%
Magic:  7/7        EV:  4    Int:  9    God:    Ru [**....]
Gold:   94         SH:  9    Dex:  9    Spells: 6/6 levels left

rFire    . . .     SeeInvis .   s - +1 mace (pain)
rCold    . . .     Gourm    .   c - +0 shield
rNeg     + . .     Faith    .   g - +0 plate armour
rPois    ∞         Spirit   .   (no helmet)
rElec    +         Reflect  .   (no cloak)
rCorr    .         Harm     .   (no gloves)
MR       .....                  t - +0 pair of boots
Stlth    ..........             (no amulet)
HPRegen  0.14/turn              r - ring of wizardry
MPRegen  0.10/turn              (no ring)

@: no status effects
A: negative energy resistance 1, electricity resistance, unbreathing,
petrification resistance, rot immunity, inability to use devices, AC +4
a: Renounce Religion


You were on level 4 of the Dungeon.
You worshipped Ru.
Ru was pleased with you.
You were hungry.

You visited 1 branch of the dungeon, and saw 5 of its levels.

You collected 94 gold pieces.

Inventory:

Hand Weapons
 a - a +0 flail
 s - a +1 mace of pain (weapon)
Armour
 b - a +0 scale mail
 c - a +0 shield (worn)
 g - a +0 plate armour (worn)
 t - a +0 pair of boots (worn)
Jewellery
 r - a ring of wizardry (left hand)
Scrolls
 e - a scroll of random uselessness {unknown}
 h - a scroll of teleportation {unknown}
 k - a scroll of amnesia
 m - a scroll of noise {unknown}
 p - a scroll of remove curse {unknown}
 q - a scroll of magic mapping {unknown}
 u - a scroll of fear {unknown}
Potions
 d - a potion of might
 i - 2 potions of haste
 j - a potion of invisibility {unknown}
 l - 2 potions of berserk rage {unknown}
 n - a potion of heal wounds
 o - 2 potions of brilliance {unknown}
Comestibles
 f - 7 rations


   Skills:
 + Level 5.3 Fighting
 * Level 5.9 Maces & Flails
 + Level 5.3 Armour
 - Level 3.2 Shields


You had 6 spell levels left.
You didn't know any spells.
Your spell library was empty.

Dungeon Overview and Level Annotations

Branches:
Dungeon (5/15)             Temple (0/1) D:5

Altars:
Makhleb
Ru

Shops:
D:5 ?


Innate Abilities, Weirdness & Mutations

You are resistant to torment.
Your stone body is resilient. (AC +4)
You are immune to poison.
You resist negative energy. (rN+)
You are resistant to electric shocks. (rElec)
You can survive without breathing.
You are immune to petrification.
You are immune to rotting.
You cannot study or use magical devices.


Message History

You are too injured to fight recklessly!
You are too injured to fight recklessly!
You are too injured to fight recklessly!
You are too injured to fight recklessly!
You are too injured to fight recklessly!
You are too injured to fight recklessly!
You are too injured to fight recklessly!
You are too injured to fight recklessly!
You are too injured to fight recklessly!
You are too injured to fight recklessly!
You are too injured to fight recklessly!
You are too injured to fight recklessly!
You are too injured to fight recklessly!
You are too injured to fight recklessly!
You are too injured to fight recklessly!
You hit the ogre but do no damage.
The ogre is severely wounded.
The ogre hits you with a giant spiked club!!
Ouch! That really hurt!
You die...

# #####..#
######...#..#####
#...........)...#
#.............#.#######
#.........###.#.#.....#
##......%..#...#.#.#.#.#
.......O...#.###.#.#.#.#
#@##.#.#...#...#.#
#....#.#.#.#...#..
#..###.#.###.#####
##......#.....#### #
#.........##.....# #.
#............###.#
#####.#....<....#..#...##
.......>..........[...>..
###........##.###..#.####


You could see an ogre.

Vanquished Creatures
  A phantom (D:5)
  A scorpion (D:5)
  A jelly (D:5)
  An orc priest (D:3)
  2 hounds
  3 iron imps (D:3)
  4 orc wizards (D:3)
  A worker ant (D:5)
  A hound zombie (D:5)
  2 gnolls (D:5)
  4 adders
  A worm (D:3)
  3 dart slugs
  5 leopard geckos
  13 orcs
  3 giant cockroaches
  4 goblins
  6 hobgoblins
  3 kobolds
  A quokka (D:3)
  6 bats
  6 frilled lizards
  A leopard gecko zombie (D:5)
  7 rats
80 creatures vanquished.

Vanquished Creatures (others)
  An orc (D:3)
1 creature vanquished.

Grand Total: 81 creatures vanquished

Notes
Turn   | Place    | Note
-------+----------+-------------------------------------------
     0 | D:1      | diana the Gargoyle Fighter began the quest for the Orb.
     0 | D:1      | Reached XP level 1. HP: 14/14 MP: 1/1
   316 | D:1      | Reached XP level 2. HP: 17/19 MP: 2/2
   847 | D:2      | Found a sacrificial altar of Ru.
   988 | D:2      | Became a worshipper of Ru the Awakened
  1011 | D:2      | Reached XP level 3. HP: 23/23 MP: 3/3
  1327 | D:2      | Reached XP level 4. HP: 25/29 MP: 4/4
  1681 | D:2      | Reached XP level 5. HP: 19/33 MP: 5/5
  1898 | D:3      | Found a burning altar of Makhleb.
  1965 | D:3      | Reached XP level 6. HP: 23/39 MP: 6/6
  2191 | D:3      | Gained mutation: You cannot study or use magical devices.
                  | [Ru sacrifice]
  2191 | D:3      | Reached * piety under Ru
  2191 | D:3      | Reached ** piety under Ru
  2325 | D:3      | Reached skill level 5 in Maces & Flails
  2534 | D:5      | Entered Level 5 of the Dungeon
  2762 | D:5      | Reached skill level 5 in Fighting
  2773 | D:5      | Reached skill level 5 in Armour
  2773 | D:5      | Reached XP level 7. HP: 27/44 MP: 7/7
  2949 | D:5      | Found Aliuxa Waic's Magic Scroll Boutique.
  3011 | D:5      | Found a staircase to the Ecumenical Temple.
  3054 | D:4      | Slain by an ogre

Skill      XL: |  1  2  3  4  5  6 |
---------------+-------------------+-----
Maces & Flails | 3 4 5 |  5.9
Fighting       | 4 5 |  5.3
Armour         | 4 5 |  5.3
Shields        | |  3.2

Action                   |  1- 3 |  4- 6 |  7- 9 || total
-------------------------+-------+-------+-------++-------
Melee: Flail             |   106 |   134 |       ||   240
       Mace              |       |    98 |    47 ||   145
Invok: Sacrifice Artific |       |     1 |       ||     1
  Use: Scroll            |       |     3 |     1 ||     4
  Eat: Chunk             |     1 |     6 |       ||     7
Armor: Plate armour      |    91 |   154 |    30 ||   275
       Scale mail        |     2 |       |       ||     2
Dodge: Dodged            |    17 |    27 |     4 ||    48
Block: Shield            |    64 |   124 |    15 ||   203
